 Dungeon Crawl Stone Soup version 0.27-a0-650-g8dd3ea4f36 (webtiles) character file.

Game seed: 13326784041016322095

15 kiwi3s the Chopper (level 2, 0/39 HPs)
             Began as a Minotaur Berserker on Mar 16, 2021.
             Was a Follower of Trog.
             Slain by an ice beast (12 damage)
             ... on level 2 of the Dungeon.
             The game lasted 00:00:45 (957 turns).

kiwi3s the Chopper (Minotaur Berserker)              Turns: 957, Time: 00:00:45

Health: 0/39       AC:  5    Str: 21    XL:     2   Next: 34%
Magic:  1/1        EV: 12    Int:  4    God:    Trog [*.....]
Gold:   94         SH:  0    Dex:  9    Spells: 1/1 levels left

rFire    . . .     SeeInvis .   a - +0 hand axe
rCold    . . .     Faith    .   (no shield)
rNeg     . . .     Spirit   .   b - +0 animal skin
rPois    .         Reflect  .   (helmet restricted)
rElec    .         Harm     .   (no cloak)
rCorr    .         Rampage  .   i - +2 pair of gloves
Will     .....                  (no boots)
Stlth    ..........             (no amulet)
HPRegen  0.13/turn              (no ring)
MPRegen  0.07/turn              (no ring)

@: berserking, very quick
A: horns 2, retaliatory headbutt
a: Renounce Religion, Berserk


You were on level 2 of the Dungeon.
You worshipped Trog.
Trog was aware of your devotion.
You visited 1 branch of the dungeon, and saw 2 of its levels.

You collected 94 gold pieces.

Inventory:

Hand Weapons
 a - a +0 hand axe (weapon)
Armour
 b - a +0 animal skin (worn)
 i - a +2 pair of gloves (worn)
Scrolls
 d - 4 scrolls of identify {unknown}
 f - a scroll of immolation {unknown}
Potions
 c - 2 potions of berserk rage {unknown}
 e - a potion of invisibility {unknown}
 g - a potion of might {unknown}
 h - a potion of haste {unknown}


   Skills:
 - Level 3.6 Fighting
 + Level 4.6 Axes
 - Level 2.4 Armour
 - Level 2.1 Dodging


You had one spell level left.
You didn't know any spells.
Your spell library was empty.

Dungeon Overview and Level Annotations

Branches:
Dungeon (2/15)

Altars:


Innate Abilities, Weirdness & Mutations

You have a pair of horns on your head.
You reflexively headbutt those who attack you in melee.


Message History

You see here a +0 dagger.
You see here a +0 leather armour.
There is an open door here.
You see here a +2 pair of gloves.
You see here a +2 pair of gloves.
i - a +2 pair of gloves You start putting on your armour.
You continue putting on your +2 pair of gloves. x4
You finish putting on your +2 pair of gloves.
(D) Dungeon
Where to? (Enter - D:1 @ (x,y), ? - help)
(D) Dungeon
Where to? (Enter - D:1 @ (x,y), ? - help)
Okay, then.
You can't go down here!
(D) Dungeon
Where to? (Enter - D:1 @ (x,y), ? - help)
There is a stone staircase leading down here.
You climb downwards.
A leopard gecko, an adder, an ice beast and a kobold come into view.
The kobold shouts!
The adder hisses angrily.
There is a stone staircase leading up here.
Unknown command.
A red film seems to cover your vision as you go berserk!
You feel yourself moving faster!
You feel mighty! The ice beast hits you. The ice beast freezes you!
You closely miss the ice beast. You headbutt the ice beast!
The ice beast is moderately wounded.
You closely miss the leopard gecko. The ice beast hits you.
The ice beast freezes you!
The leopard gecko bites you but does no damage.
Unknown command.
You completely miss the ice beast.
The ice beast is moderately wounded.
You closely miss the leopard gecko. You slash the kobold!
You kill the kobold!
Trog accepts your kill.
You hit the adder. The adder bites you. The ice beast hits you.
The ice beast freezes you!
You die...

.#..#
###.#..#####
#..........#
#..........#
#..........#
#..........#
#...........
#.<........#
#...@S.....#
#..†lY.....#
#..........#
#..........#
#..........#
###+#.######
.# .#


You could see an ice beast, an adder and a leopard gecko.

Vanquished Creatures
  A leopard gecko (D:1)
  A giant cockroach (D:1)
  A goblin (D:1)
  2 jackals (D:1)
  A bat (D:1)
  A frilled lizard (D:1)
  4 kobolds
  4 rats (D:1)
15 creatures vanquished.

Notes
Turn   | Place    | Note
-------+----------+-------------------------------------------
     0 | D:1      | kiwi3s the Minotaur Berserker began the quest for the Orb.
     0 | D:1      | Reached XP level 1. HP: 19/19 MP: 0/0
   204 | D:1      | Reached skill level 4 in Axes
   464 | D:1      | Reached XP level 2. HP: 26/26 MP: 1/1
   952 | D:2      | Noticed an ice beast
   957 | D:2      | Slain by an ice beast

Illustrated notes

Levels and vault maps discovered:
D:1:      enne_arrival_octagon_isle, layout_basic, chequers_garden
D:2:      layout_basic, minmay_tree_intersection

Skill      XL: |  1 |
---------------+----+-----
Axes           | 4 |  4.6
Fighting       | |  3.6
Armour         | |  2.4
Dodging        | |  2.1

Action                   || total
-------------------------++-------
Melee: Hand axe          ||    32
       Headbutt          ||     3
Invok: Berserk           ||     1
Armor: Animal skin       ||     9
Dodge: Dodged            ||    20

Table legend: (Time is in decaauts)
 A = Elapsed time spent in this place.
 B = Non-inter-level travel time spent in this place.
 C = Inter-level travel time spent in this place.
 D = Time resting spent in this place.
 E = Time spent auto-exploring this place.
 F = Levels seen in this place.
 G = Mean time per level.
                   A        B        C        D        E       F      G
               +--------+--------+--------+--------+--------+-----+--------+
         Total |    959 |    875 |     84 |      0 |    790 |   2 |  479.5 |
       Dungeon |    959 |    875 |     84 |      0 |    790 |   2 |  479.5 |
               +--------+--------+--------+--------+--------+-----+--------+

Top non-repeatable levels by time:
     D:1: 954 daAuts
     D:2: 4 daAuts
